AoeStats
← kyubi

Arena

504521165Analyzed
3v3 RM · 27d ago on Sep 5, 2026· 46m 12s· 6 players
Game mode
Random Map
Map size
Normal (6 player)
Population
200
Speed
Normal
Resources
Standard
Victory
Conquest
Starting age
Dark Age
Ending age
Imperial Age
RankedLock teamsTeams togetherTeam positionsShared explorationLock speedFull tech treeHidden civsTurbo modeCheats
Victory
Defeat
🇩🇪 Bohemians · Germany
1509
+12
🇦🇷 Koreans · Argentina
1504
+14
🇪🇸 Goths · Spain
1442
+16
🇪🇸 Spanish · Spain
1649
-21
🇪🇸 Bohemians · Spain
1566
-18
🇪🇸 Franks · Spain
1073
-13
CARANZA
1:03 Loom
11:44 Feudal Age
12:18 Double-Bit Axe
16:11 Castle Age
14:23 Horse Collar
17:16 Heavy Plow
18:29 Wheelbarrow
23:22 Scale Mail Armor
24:31 Forging
26:31 Chain Mail Armor
27:10 Squires
28:34 Iron Casting
29:15 Anarchy
29:07 Gold Mining
30:51 Bow Saw
31:50 Fervor
34:51 Imperial Age
36:43 Blast Furnace
37:12 Man-at-Arms
37:48 Long Swordsman
38:25 Two-Handed Swordsman
41:35 Chemistry
41:27 Champion
44:18 Crop Rotation
44:49 Two-Man Saw
45:15 Padded Archer Armor
eraycoskun33
11:58 Feudal Age
12:21 Man-at-Arms
14:03 Double-Bit Axe
14:39 Man-at-Arms
17:48 Castle Age
15:34 Man-at-Arms
18:01 Long Swordsman
21:31 Wheelbarrow
20:42 Loom
29:06 Town Watch
30:42 Hand Cart
33:58 Imperial Age
32:09 Padded Archer Armor
32:00 Fletching
37:08 Two-Handed Swordsman
40:41 Chemistry
40:45 Bow Saw
43:05 Elite Hussite Wagon
Marcusscus
10:55 Feudal Age
14:35 Castle Age
12:58 Double-Bit Axe
13:45 Gold Mining
15:05 Gambesons
16:06 Gold Shaft Mining
15:22 Loom
17:49 Wheelbarrow
18:02 Squires
18:26 Scale Mail Armor
20:05 Forging
20:52 Arson
24:57 Chain Mail Armor
25:32 Town Watch
31:44 Imperial Age
32:20 Iron Casting
31:50 Elite Fire Lancer
33:23 Plate Mail Armor
YoKaSi MaTo
10:44 Loom
12:31 Feudal Age
14:26 Wheelbarrow
14:42 Double-Bit Axe
16:33 Gold Mining
22:27 Castle Age
23:27 Stone Mining
27:31 Bow Saw
28:08 Hand Cart
31:23 Imperial Age
31:17 #83
33:39 Scale Barding Armor
35:56 Gold Shaft Mining
36:09 Chain Barding Armor
36:10 Forging
35:28 Light Cavalry
35:29 Cavalier
36:10 Husbandry
kyubi
11:07 Feudal Age
15:38 Castle Age
14:15 Horse Collar
14:26 Double-Bit Axe
16:42 Bow Saw
17:35 Fervor
23:04 Heavy Plow
24:14 Wheelbarrow
24:03 Fletching
24:45 Scale Mail Armor
24:56 Forging
24:33 Man-at-Arms
25:14 Squires
25:20 Bodkin Arrow
25:18 Town Watch
25:21 Loom
26:09 Long Swordsman
32:39 Chain Mail Armor
32:59 Iron Casting
38:46 Chemistry
38:07 Ballistics
37:57 Masonry
41:06 Imperial Age
39:26 Hand Cart
41:11 Two-Handed Swordsman
42:22 Plate Mail Armor
42:53 Blast Furnace
41:23 Capped Ram
42:07 Champion
46:34 Two-Man Saw
Tdb.Ricardo90
11:05 Feudal Age
15:53 Castle Age
14:18 Horse Collar
14:29 Double-Bit Axe
16:05 Loom
17:00 Bow Saw
16:51 Heavy Plow
30:49 Fletching
31:50 Gold Mining
36:19 Imperial Age
Connection lost

Rejoining the realm…

Still unreachable

The connection could not be restored.

Session expired

The server has moved on; the page needs a fresh start.